 Dungeon Sprint DCSS version 0.17-a0-1718-g72dbe4d (webtiles) character file.

14500000 ztt the Conqueror (level 27, -138/273 HPs)
             Began as a Ghoul Wanderer on Aug 26, 2015.
             Was the Champion of Makhleb.
             Annihilated by a fleshlord
             ... wielding a +9 great mace
              (391 damage)
             ... in the Dungeon (Sprint VIII: "Arena of Blood").
             The game lasted 00:02:47 (145 turns).

ztt the Conqueror (Ghoul Wanderer)                   Turns: 145, Time: 00:02:48

Health: -138/273   AC: 11    Str: 27    XL:     27
Magic:  53/53      EV: 21    Int:  9    God:    Makhleb [******]
Gold:   0          SH:  0    Dex:  8    Spells: 0 memorised, 80 levels left

rFire  . . .     SeeInvis +     l - +∞ Axe of Woe
rCold  + . .     Clarity  .     c - +0 ring mail
rNeg   + + +     SustAt   .     (no shield)
rPois  ∞         Gourm    .     (no helmet)
rElec  .         Spirit   .     (no cloak)
rCorr  .         Warding  .     (no gloves)
rMut   .         NoTele   +     (no boots)
MR     ++...                    (no amulet)
Stlth  ++++++++..               (no ring)
                                m - ring of see invisible

@: rotting, slowed, very slow, very resistant to hostile enchantments,
extraordinarily stealthy
A: rotting body, claws 1, carnivore 3, cold resistance 1, negative energy
resistance 3, slow healing 1, torment resistance, unbreathing
a: Minor Destruction, Lesser Servant of Makhleb, Major Destruction, Greater
Servant of Makhleb, Renounce Religion


You were in the Dungeon.
You worshipped Makhleb.
Makhleb was exalted by your worship.
You were not hungry.

You visited 1 branch

Inventory:

Hand weapons
 a - a +2 quarterstaff
 b - a +0 short sword
 d - a +0 dagger
 l - the +∞ Axe of Woe (weapon)
   (You found it in the Dungeon)
Armour
 c - a +0 ring mail (worn)
Jewellery
 m - a ring of see invisible (left claw)
Scrolls
 k - a scroll of blinking
Potions
 f - a potion of curing
 g - a potion of heal wounds
 h - a potion of haste
 i - 2 potions of magic
 j - a potion of berserk rage
Comestibles
 e - a meat ration


   Skills:
 O Level 27 Fighting
 O Level 27 Short Blades
 O Level 27 Axes
 O Level 27 Staves
 O Level 27 Throwing
 O Level 27 Armour
 O Level 27 Dodging
 O Level 27 Stealth
 O Level 27 Unarmed Combat
 O Level 27 Spellcasting
 O Level 27 Invocations
   Level 1.7 Evocations


You had 80 spell levels left.
You didn't know any spells.

Dungeon Overview and Level Annotations

Branches:
Dungeon (1/1)

Altars:
Makhleb


Innate Abilities, Weirdness & Mutations

Your body is rotting away.
You thrive on raw meat.
You are immune to poison.
You have sharp fingernails.
You are carnivorous and can eat meat at any time.
Your flesh is cold resistant.
You are immune to negative energy.
You heal slowly when monsters are visible.
You are immune to unholy pain and torment.
You can survive without breathing.


Message History

The dread moves out of view. 2 orcs and a hell knight come into view.
You slice the bag of meat!!
You hew the bag of meat savagely.
You kill the bag of meat!
Makhleb accepts your kill. ------------------------------------------------------------------------------ ------------------------------------------------------------------------------ -- The Meatlord has descended... -- ------------------------------------------------------------------------------ ------------------------------------------------------------------------------ You hear a shout! x2
The fleshlord casts a spell.
The fleshlord seems to speed up.
You hear a shout!
The fleshlord moves out of view.
You hear a shout!
The fleshlord casts a spell at you.
You barely resist.
You hear a shout!
The fleshlord gestures at you while chanting.
You feel as though you will be slow longer.
The fleshlord hits you with a +9 great mace!!!!!!
Ouch! That really hurt!
You die...

....#.......#......
....#.....))#......
..........).)...... ..
..........)))...#.. ..o..
.........p.p...#... .po..
.......%.%%p.##.... #.....
...#.%..%...#..o§..#....##
............#..)###o...#..
..##.#.)))o.zoGD@pWWo#....
......))).))SG.)W)V)......
##....#)))))####))S......#
......).))))))#)).....####
.......))))...))...####
#......)........####
#################


You could see an eight-headed meat hydra, a destroyer, 2 observers, 2 scourges,
4 fleshlords, a sculptor of flesh, a wretched soul (invisible), 2 dreads and 5
bags of meat.

Vanquished Creatures
  5 hell knights (D)
  4 hell beasts (D)
  3 greater mummies (D)
  6 great orbs of eyes (D)
  6 wraiths (D)
  Harold (D)
  7 vampire knights (D)
  30 ogres (D)
  4 liches (D)
  4 hydras (D)
  57 orcs (D)
  6 phantoms (D)
  3 hill giants (D)
  2 skeletal warriors (D)
  3 sea snakes (D)
  5 large abominations (D)
  5 small abominations (D)
  4 crawling corpses (D)
155 creatures vanquished.

Vanquished Creatures (others)
  A crawling corpse (D)
1 creature vanquished.

Grand Total: 156 creatures vanquished

Notes
Turn   | Place    | Note
--------------------------------------------------------------
     0 | D        | ztt the Ghoul Wanderer began the quest for the Orb.
     0 | D        | ztt set off with: a +2 quarterstaff, a +0 short sword, a +0 ring mail, a +0 dagger, a meat ration, a potion of curing, a potion of heal wounds, a potion of haste, 2 potions of magic, a potion of berserk rage, a scroll of blinking
     0 | D        | Reached XP level 1. HP: 17/17 MP: 1/1
     3 | D        | Noticed a bag of meat
     4 | D        | Became a worshipper of Makhleb the Destroyer
     5 | D        | Noticed a bag of meat
     5 | D        | Noticed a bag of meat
     5 | D        | Noticed a bag of meat
     6 | D        | Noticed a meat berserker
     7 | D        | Killed a bag of meat
     7 | D        | Reached skill level 21 in Fighting
     7 | D        | Reached skill level 5 in Axes
     7 | D        | Reached XP level 2. HP: 20/59 MP: 2/2
     7 | D        | Reached XP level 3. HP: 22/66 MP: 3/3
     7 | D        | Reached XP level 4. HP: 24/74 MP: 4/4
     7 | D        | Reached XP level 5. HP: 26/81 MP: 5/5
     7 | D        | Reached XP level 6. HP: 28/90 MP: 6/6
     7 | D        | Reached XP level 7. HP: 29/96 MP: 7/7
     7 | D        | Reached XP level 8. HP: 31/105 MP: 8/8
     7 | D        | Reached XP level 9. HP: 33/112 MP: 9/9
     7 | D        | Reached XP level 10. HP: 35/121 MP: 10/10
     7 | D        | Reached XP level 11. HP: 36/127 MP: 11/11
     7 | D        | Reached XP level 12. HP: 38/136 MP: 12/12
     8 | D        | Killed a meat berserker
     8 | D        | Acquired Makhleb's first power
     8 | D        | Reached skill level 25 in Fighting
     8 | D        | Reached XP level 13. HP: 39/155 MP: 13/13
     8 | D        | Reached XP level 14. HP: 41/163 MP: 14/14
     8 | D        | Killed a bag of meat
     8 | D        | Reached skill level 27 in Fighting
     9 | D        | Noticed a bag of meat
     9 | D        | Noticed a bag of meat
    10 | D        | Noticed a bag of meat
    11 | D        | Noticed a bag of meat
    11 | D        | Noticed a bag of meat
    12 | D        | Noticed a bag of meat
    12 | D        | Noticed a bag of meat
    13 | D        | Noticed a bag of meat
    13 | D        | Noticed a bag of meat
    13 | D        | Noticed a bag of meat
    13 | D        | Noticed a bag of meat
    13 | D        | Noticed a bag of meat
    13 | D        | Noticed a meat berserker
    13 | D        | Noticed a bag of meat
    13 | D        | Noticed a bag of meat
    13 | D        | Noticed a bag of meat
    14 | D        | Noticed a bag of meat
    14 | D        | Noticed a meat berserker
    14 | D        | Killed a bag of meat
    14 | D        | Acquired Makhleb's second power
    14 | D        | Reached XP level 15. HP: 137/174 MP: 15/15
    14 | D        | Killed a bag of meat
    14 | D        | Reached skill level 10 in Armour
    15 | D        | Noticed a meat berserker
    15 | D        | Noticed a bag of meat
    15 | D        | Killed a bag of meat
    15 | D        | Acquired Makhleb's third power
    15 | D        | Reached skill level 10 in Axes
    15 | D        | Reached XP level 16. HP: 183/183 MP: 16/16
    15 | D        | Killed a bag of meat
    16 | D        | Killed a bag of meat
    16 | D        | Reached skill level 1 in Dodging
    16 | D        | Reached skill level 27 in Stealth
    16 | D        | Killed a bag of meat
    16 | D        | Acquired Makhleb's fourth power
    16 | D        | Reached XP level 17. HP: 173/191 MP: 17/17
    16 | D        | Killed a bag of meat
    16 | D        | Killed a meat berserker
    16 | D        | Reached skill level 27 in Staves
    16 | D        | Reached XP level 18. HP: 200/200 MP: 18/18
    16 | D        | Noticed a bag of meat
    17 | D        | Killed a bag of meat
    17 | D        | Acquired Makhleb's fifth power
    17 | D        | Killed a bag of meat
    17 | D        | Killed a meat berserker
    17 | D        | Reached XP level 19. HP: 207/207 MP: 19/19
    17 | D        | Killed a bag of meat
    17 | D        | Killed a bag of meat
    17 | D        | Reached skill level 27 in Axes
    17 | D        | Killed a bag of meat
    18 | D        | Killed a bag of meat
    18 | D        | Killed a meat berserker
    18 | D        | Reached skill level 27 in Armour
    18 | D        | Reached XP level 20. HP: 216/216 MP: 20/20
    19 | D        | Noticed a meat berserker
    19 | D        | Killed a bag of meat
    19 | D        | Killed a bag of meat
    19 | D        | Killed a bag of meat
    19 | D        | Reached skill level 27 in Dodging
    20 | D        | Killed a bag of meat
    20 | D        | Reached skill level 5 in Spellcasting
    20 | D        | Reached XP level 21. HP: 224/224 MP: 20/28
    21 | D        | Killed a bag of meat
    21 | D        | Reached skill level 10 in Unarmed Combat
    21 | D        | Reached skill level 10 in Invocations
    22 | D        | Noticed a large bag of meat
    22 | D        | Killed a meat berserker
    23 | D        | Noticed a bag of meat
    23 | D        | Killed a bag of meat
    23 | D        | Reached skill level 15 in Unarmed Combat
    23 | D        | Reached skill level 15 in Invocations
    24 | D        | Noticed a bag of meat
    24 | D        | Noticed a bag of meat
    24 | D        | Noticed a meat berserker
    24 | D        | Noticed a bag of meat
    24 | D        | Noticed a bag of meat
    25 | D        | Noticed a bag of meat
    25 | D        | Noticed a bag of meat
    28 | D        | Noticed a meat berserker
    29 | D        | Noticed a meat berserker
    29 | D        | Noticed a destroyer
    30 | D        | Noticed a bag of meat
    30 | D        | Noticed a sculptor of flesh
    31 | D        | Killed a meat berserker
    31 | D        | Reached skill level 15 in Short Blades
    31 | D        | Reached skill level 15 in Throwing
    31 | D        | Reached XP level 22. HP: 233/233 MP: 22/39
    31 | D        | Killed a bag of meat
    31 | D        | Reached skill level 15 in Spellcasting
    31 | D        | Killed a meat berserker
    35 | D        | Noticed a meat berserker
    35 | D        | Noticed a destroyer
    36 | D        | Killed a sculptor of flesh
    37 | D        | Killed a destroyer
    37 | D        | Reached XP level 23. HP: 240/240 MP: 23/45
    38 | D        | Killed a destroyer
    38 | D        | Killed a meat berserker
    38 | D        | Reached XP level 24. HP: 249/249 MP: 24/47
    38 | D        | Killed a bag of meat
    39 | D        | Noticed a bag of meat
    40 | D        | Noticed a meat berserker
    40 | D        | Killed a meat berserker
    40 | D        | Reached skill level 27 in Unarmed Combat
    40 | D        | Reached skill level 27 in Invocations
    40 | D        | Killed a bag of meat
    40 | D        | Killed a bag of meat
    41 | D        | Noticed a bag of meat
    42 | D        | Killed a bag of meat
    42 | D        | Reached skill level 27 in Short Blades
    42 | D        | Reached skill level 27 in Throwing
    42 | D        | Killed a large bag of meat
    42 | D        | Reached XP level 25. HP: 234/257 MP: 25/52
    43 | D        | Noticed a bag of meat
    44 | D        | Noticed an accursed
    44 | D        | Noticed a meat berserker
    45 | D        | Killed a meat berserker
    45 | D        | Reached skill level 27 in Spellcasting
    45 | D        | Killed a bag of meat
    46 | D        | Noticed a meat berserker
    48 | D        | Killed a meat berserker
    48 | D        | Killed a bag of meat
    49 | D        | Noticed a bag of meat
    50 | D        | Noticed a destroyer
    51 | D        | Killed a meat berserker
    51 | D        | Reached XP level 26. HP: 237/266 MP: 27/53
    52 | D        | Killed a bag of meat
    53 | D        | Noticed a meat berserker
    53 | D        | Noticed a tyrant
    53 | D        | Killed a bag of meat
    53 | D        | Killed a destroyer
    54 | D        | Noticed an accursed
    55 | D        | Killed a bag of meat
    56 | D        | Noticed a destroyer
    56 | D        | Killed an accursed
    56 | D        | Reached XP level 27. HP: 261/273 MP: 28/53
    57 | D        | Killed a destroyer
    57 | D        | Killed a meat berserker
    58 | D        | Noticed a meat berserker
    58 | D        | Killed a bag of meat
    59 | D        | Noticed a meat berserker
    59 | D        | Noticed a tyrant
    60 | D        | Noticed a bag of meat
    60 | D        | Noticed a bag of meat
    60 | D        | Killed an accursed
    60 | D        | Killed a meat berserker
    61 | D        | Noticed a bag of meat
    62 | D        | Killed a meat berserker
    64 | D        | Noticed a dread
    64 | D        | Noticed a meat berserker
    64 | D        | Killed a tyrant
    66 | D        | Noticed a dread
    66 | D        | Noticed a dread
    66 | D        | Killed a tyrant
    67 | D        | Killed a meat berserker
    68 | D        | Killed a bag of meat
    68 | D        | Killed a bag of meat
    69 | D        | Killed a dread
    69 | D        | Killed a bag of meat
    70 | D        | Noticed a meat beast
    70 | D        | Killed a bag of meat
    71 | D        | Noticed a meat beast
    71 | D        | Killed a dread
    72 | D        | Noticed a meat berserker
    72 | D        | Noticed a meat berserker
    73 | D        | Killed a dread
    74 | D        | Noticed a meat berserker
    74 | D        | Killed a meat beast
    74 | D        | Killed a meat beast
    76 | D        | Killed a meat berserker
    77 | D        | Noticed a sculptor of flesh
    77 | D        | Killed a meat berserker
    78 | D        | Killed a meat berserker
    79 | D        | Noticed a bag of meat
    79 | D        | Noticed a wretched soul
    79 | D        | Noticed a meat berserker
    79 | D        | Noticed a meat berserker
    79 | D        | Noticed a destroyer
    80 | D        | Noticed a bag of meat
    80 | D        | Noticed a wretched soul
    81 | D        | Noticed a bag of meat
    81 | D        | Noticed a bag of meat
    81 | D        | Noticed a large bag of meat
    81 | D        | Noticed a large bag of meat
    82 | D        | Noticed a destroyer
    83 | D        | Killed a meat berserker
    84 | D        | Killed a meat berserker
    85 | D        | Noticed a bag of meat
    86 | D        | Killed a bag of meat
    87 | D        | Killed a wretched soul
    88 | D        | Noticed a wretched soul
    88 | D        | Killed a sculptor of flesh
    88 | D        | Killed a bag of meat
    89 | D        | Noticed a wretched soul
    89 | D        | Killed a bag of meat
    90 | D        | Noticed a meat berserker
    90 | D        | Noticed The Servant
    90 | D        | Killed a destroyer
    91 | D        | Noticed a bag of meat
    91 | D        | Noticed a meat berserker
    91 | D        | Killed a wretched soul
    91 | D        | Killed a bag of meat
    91 | D        | Noticed a bag of meat
    93 | D        | Noticed a bag of meat
    93 | D        | Killed a wretched soul
    93 | D        | Killed a bag of meat
    93 | D        | Killed a meat berserker
    95 | D        | Noticed an observer
    95 | D        | Killed a large bag of meat
    96 | D        | Noticed an observer
    96 | D        | Noticed a meat berserker
    96 | D        | Noticed an observer
    96 | D        | Killed a meat berserker
    96 | D        | Killed a destroyer
    97 | D        | Killed an observer
    99 | D        | Killed an observer
   100 | D        | Killed a bag of meat
   100 | D        | Killed a bag of meat
   102 | D        | Killed a bag of meat
   103 | D        | Noticed a bag of meat
   103 | D        | Noticed a bag of meat
   103 | D        | Noticed a bag of meat
   103 | D        | Noticed a wretched soul
   104 | D        | Killed a bag of meat
   105 | D        | Killed a bag of meat
   107 | D        | Killed a meat berserker
   107 | D        | Killed a bag of meat
   107 | D        | Killed a wretched soul
   108 | D        | Killed a bag of meat
   110 | D        | Noticed a dread
   110 | D        | Killed an observer
   112 | D        | Noticed an accursed
   112 | D        | Killed an accursed
   114 | D        | Killed a dread
   115 | D        | Noticed a bag of meat
   115 | D        | Noticed a meat berserker
   115 | D        | Killed a large bag of meat
   116 | D        | Noticed a wretched soul
   118 | D        | Noticed a bag of meat
   119 | D        | Noticed a meat berserker
   120 | D        | Noticed a meat berserker
   120 | D        | Killed a meat berserker
   121 | D        | Killed a bag of meat
   122 | D        | Noticed an observer
   123 | D        | Noticed a bag of meat
   123 | D        | Killed a wretched soul
   123 | D        | Killed a meat berserker
   123 | D        | Killed a meat berserker
   124 | D        | Killed a wretched soul
   126 | D        | Noticed a fleshlord
   126 | D        | Killed a bag of meat
   127 | D        | Noticed a meat berserker
   128 | D        | Noticed a fleshlord
   128 | D        | Killed an observer
   129 | D        | Noticed a fleshlord
   129 | D        | Noticed a bag of meat
   129 | D        | Noticed a meat beast
   129 | D        | Noticed a bag of meat
   129 | D        | Noticed a tyrant
   129 | D        | Noticed an observer
   129 | D        | Noticed a fleshlord
   130 | D        | Noticed a bag of meat
   130 | D        | Killed a bag of meat
   130 | D        | Killed a fleshlord
   131 | D        | Killed a meat berserker
   132 | D        | Noticed a tyrant
   132 | D        | Noticed a fleshlord
   132 | D        | Killed a meat beast
   132 | D        | Killed a fleshlord
   133 | D        | Noticed a bag of meat
   133 | D        | Noticed a meat berserker
   133 | D        | Killed a fleshlord
   134 | D        | Noticed a bag of meat
   134 | D        | Noticed an observer
   134 | D        | Noticed a dread
   134 | D        | Killed a tyrant
   135 | D        | Noticed a dread
   135 | D        | Killed a bag of meat
   135 | D        | Noticed a fleshlord
   135 | D        | Noticed an eight-headed meat hydra
   136 | D        | Noticed a wretched soul
   136 | D        | Noticed an observer
   136 | D        | Noticed a dread
   136 | D        | Killed a meat berserker
   136 | D        | Killed a bag of meat
   136 | D        | Killed a bag of meat
   137 | D        | Noticed a bag of meat
   137 | D        | Noticed a bag of meat
   137 | D        | Noticed a bag of meat
   137 | D        | Killed a fleshlord
   137 | D        | Killed a dread
   138 | D        | Noticed a bag of meat
   138 | D        | Noticed a meat berserker
   138 | D        | Noticed a dread
   139 | D        | Noticed a bag of meat
   139 | D        | Noticed a destroyer
   139 | D        | Noticed a meat beast
   139 | D        | Killed The Servant
   139 | D        | Killed an observer
   139 | D        | Killed a tyrant
   140 | D        | Killed a fleshlord
   140 | D        | Killed a bag of meat
   140 | D        | Killed a meat berserker
   141 | D        | Noticed a destroyer
   141 | D        | Killed a bag of meat
   142 | D        | Noticed an observer
   142 | D        | Killed a meat beast
   142 | D        | Killed an observer
   142 | D        | Killed a nine-headed meat hydra
   142 | D        | Noticed a fleshlord
   142 | D        | Noticed a fleshlord
   143 | D        | Noticed a sculptor of flesh
   143 | D        | Killed a destroyer
   144 | D        | Noticed a dread
   144 | D        | Noticed a dread
   144 | D        | Noticed a fleshlord
   144 | D        | Killed a dread
   145 | D        | Noticed a bag of meat
   145 | D        | Noticed a fleshlord
   145 | D        | Noticed a bag of meat
   145 | D        | Killed a bag of meat
   145 | D        | Annihilated by a fleshlord

Vault maps used:
D:        meatsprint

Action                   |  1- 3 |  4- 6 |  7- 9 | 10-12 | 13-15 | 16-18 | 19-21 | 22-24 | 25-27 || total
-------------------------+-------+-------+-------+-------+-------+-------+-------+-------+-------++-------
Melee: Executioner's axe |     1 |       |       |     1 |     2 |     2 |     7 |     5 |    77 ||    95
